 Dungeon Crawl Stone Soup version 0.23-a0-705-g0e654d2 (webtiles) character file.

13948 JeffiDaFish the Fighter (level 11, -19/95 HPs)
             Began as a Demonspawn Monk on Jan 15, 2019.
             Demolished by Rupert
             ... wielding a +2 great mace of protection
              (26 damage)
             ... on level 3 of the Lair of Beasts.
             The game lasted 00:24:52 (13054 turns).

JeffiDaFish the Fighter (Demonspawn Monk)          Turns: 13054, Time: 00:24:52

Health: -19/95     AC: 16    Str: 26    XL:     11   Next: 82%
Magic:  11/11      EV: 16    Int: 11    God:
Gold:   598        SH:  0    Dex: 14    Spells: 10/10 levels left

rFire    . . .     SeeInvis .   q - +3 glaive
rCold    + . .     Gourm    .   (shield currently unavailable)
rNeg     . . .     Faith    .   j - +4 ring mail
rPois    +         Spirit   .   (helmet restricted)
rElec    .         Reflect  .   (no cloak)
rCorr    .         Harm     .   r - +0 pair of gloves
MR       .....                  e - +1 pair of boots
Stlth    +.........             (no amulet)
HPRegen  0.25/turn              i - +4 ring of strength
MPRegen  0.12/turn              a - ring of poison resistance

@: mighty, berserk cooldown, hasted and slowed
A: antennae 2, molten scales 1, clumsy 1, cold resistance 1, powered by pain 1,
spiny 2, strong 1, MP-powered wands
a: no special abilities


You were on level 3 of the Lair of Beasts.
You were hungry.

You visited 3 branches of the dungeon, and saw 12 of its levels.

You collected 598 gold pieces.

Inventory:

Hand Weapons
 p - a +3 spear of freezing
 q - a +3 glaive (weapon)
Armour
 e - a +1 pair of boots (worn)
 j - a +4 ring mail (worn)
 o - a +0 plate armour
 r - a +0 pair of gloves (worn)
Jewellery
 a - a ring of poison resistance (right hand)
 i - a +4 ring of strength (left hand)
 v - an uncursed ring of protection from fire
Wands
 h - a wand of disintegration (9)
 k - a wand of iceblast (2)
 y - a wand of paralysis (6)
Scrolls
 d - 2 scrolls of blinking
 f - a scroll of magic mapping
 l - 2 scrolls of remove curse
 m - 2 scrolls of fear
 n - 2 scrolls of teleportation
 u - a scroll of identify
Potions
 b - 4 potions of curing
 g - a potion of flight
 t - a potion of haste
Comestibles
 c - 17 rations


   Skills:
 * Level 12.1 Fighting
 + Level 9.0 Polearms
 + Level 7.5 Armour
 + Level 8.3 Dodging
 - Level 1.7 Stealth
 - Level 1.0 Unarmed Combat


You had 10 spell levels left.
You didn't know any spells.
Your spell library contained the following spells:

 Spells                   Type           Power        Failure   Level  Hunger
 Animate Skeleton         Necr           N/A          45%         1    ##.....
 Confusing Touch          Hex            #.....       45%         1    ##.....
 Pain                     Necr           #...         45%         1    ##.....
 Confuse                  Hex            #.......     83%         3    ####...
 Gell's Gravitas          Tloc           #.........   83%         3    ####...
 Regeneration             Chrm/Necr      #.........   83%         3    ####...
 Vampiric Draining        Necr           #.........   83%         3    ####...
 Animate Dead             Necr           N/A          99%         4    #####..
 Petrify                  Tmut/Erth      #.......     99%         4    #####..
 Metabolic Englaciation   Hex/Ice        #.........   100%        5    ######.
 Yara's Violent Unravell  Hex/Tmut       #.........   100%        5    ######.


Dungeon Overview and Level Annotations

Branches:
Dungeon (8/15)             Temple (1/1) D:5            Lair (3/6) D:8
 Shoals (0/4) Lair:2
  Snake: Lair:2-4    Spider: Lair:2-4

Altars:
Cheibriados
Dithmenos
Elyvilon
Fedhas
Gozag
Hepliaklqana
Kikubaaqudgha
Makhleb
Nemelex Xobeh
Okawaru
Qazlal
Ru
Sif Muna
Trog
Uskayaw
Vehumet
Wu Jian
Xom
Yredelemnul
Zin
The Shining One

Annotations:
D:8 2 transporters, swinepaste's ghost, novice DsMo
Lair:3 Rupert


Innate Abilities, Weirdness & Mutations

You have a pair of antennae on your head.
You are partially covered in molten scales. (AC +2)
You sometimes gain a little power by taking damage.
You are mostly covered in sharp spines.
You are clumsy. (Dex -2)
Your flesh is cold resistant. (rC+)
Your muscles are strong. (Str +2)
You expend magic power (3 MP) to strengthen your wands.


Message History

The wolf closely misses you. Rupert completely misses you.
A bullfrog comes into view.
The wolf is struck by your spines. The wolf bites you but does no damage.
Unknown command.
You chop Rupert into pieces!!!
Rupert is almost dead.
The wolf bites you but does no damage. The wolf completely misses you.
Rupert hits you with a +2 great mace of protection!!
* * * LOW HITPOINT WARNING * * *
The wolf bites you but does no damage.
You are too berserk!
You slice Rupert!!
Rupert is almost dead.
You are no longer berserk.
You are exhausted.
You feel yourself slow down. The wolf bites you.
* * * LOW HITPOINT WARNING * * *
The wolf completely misses you.
Rupert hits you with a +2 great mace of protection!!
You die...

.@...............##
...{..............#
..................#
#@..........#
##..........## #
#P.......#..# #..
####..........##
#...P##P.##.........#
#.....Fh@@............
.......h...............
##...###...............
#.. ##.........#..#P #.
.##.........## # ##
#####.#.#. .... ..


You could see Rupert (berserk), 2 wolves and a bullfrog.

Vanquished Creatures
  2 hydras
  A two-headed ogre (D:7)
  Pikel (D:7)
  4 merfolk sirens (Lair:2)
  A black mamba (Lair:3)
  3 spiny frogs
  2 komodo dragons (Lair:1)
  4 blink frogs (Lair:1)
  8 yaks (Lair:2)
  Eustachio (D:4)
  3 basilisks
  Grum (D:8)
  Edmund (D:4)
  Menkaure (D:4)
  3 water moccasins
  Duvessa (D:4)
  5 porcupines
  3 orc warriors
  A sky beast (D:8)
  3 ice beasts (D:6)
  A slave (D:7)
  4 wolves (D:8)
  2 centaurs
  7 ogres
  4 crocodiles
  6 bullfrogs
  A wyvern zombie (D:7)
  Dowan (D:4)
  A scorpion (D:5)
  14 wights
  7 crimson imps
  A jelly (D:5)
  2 bullfrog zombies
  2 hounds
  2 centaur skeletons
  6 orc priests
  5 orc wizards
  2 iguanas
  Natasha (thrice) (D:3)
  3 hell rats (Lair:1)
  4 worker ants
  A killer bee zombie (D:3)
  2 hound zombies
  Robin (D:1)
  7 gnolls (D:6)
  A worker ant zombie (D:6)
  10 adders
  8 river rats (Lair:1)
  A worm (D:2)
  3 dart slugs
  5 leopard geckos
  31 orcs
  A ball python (D:2)
  4 bats
  6 giant cockroaches
  16 goblins
  6 hobgoblins
  5 jackals
  7 kobolds
  5 quokkas
  6 frilled lizards
  A leopard gecko skeleton (D:4)
  11 rats
  A plant (Lair:2)
266 creatures vanquished.

Vanquished Creatures (others)
  2 slaves (D:7)
  A bullfrog (D:7)
  A worker ant (D:7)
  A fungus (Lair:2)
  A plant (Lair:1)
6 creatures vanquished.

Grand Total: 272 creatures vanquished

Notes
Turn   | Place    | Note
-------+----------+-------------------------------------------
     0 | D:1      | JeffiDaFish the Demonspawn Monk began the quest for the
                  | Orb.
     0 | D:1      | Reached XP level 1. HP: 18/18 MP: 1/1
    63 | D:1      | Gained mutation: You are partially covered in sharp spines.
                  | [demonic ancestry]
    63 | D:1      | Reached XP level 2. HP: 12/24 MP: 2/2
   879 | D:2      | Noticed Robin
   891 | D:2      | Gained mutation: You sometimes gain a little power by
                  | taking damage. [demonic ancestry]
   891 | D:2      | Reached XP level 3. HP: 29/29 MP: 3/3
  1070 | D:1      | Killed Robin
  1590 | D:2      | Reached XP level 4. HP: 32/36 MP: 4/4
  1602 | D:2      | Gained mutation: Your flesh is cold resistant. (rC+)
                  | [potion of mutation]
  1602 | D:2      | Gained mutation: Your muscles are strong. (Str +2) [potion
                  | of mutation]
  1602 | D:2      | Gained mutation: You are clumsy. (Dex -2) [potion of
                  | mutation]
  1602 | D:2      | Gained mutation: You expend magic power (3 MP) to
                  | strengthen your wands. [potion of mutation]
  1620 | D:2      | Found a deep blue altar of Sif Muna.
  1703 | D:2      | Reached skill level 1 in Armour
  2053 | D:3      | Noticed Natasha
  2059 | D:3      | Killed Natasha
  2059 | D:3      | Reached XP level 5. HP: 42/42 MP: 5/5
  2319 | D:3      | Found a shadowy altar of Dithmenos.
  2370 | D:3      | Noticed Natasha
  2376 | D:3      | Killed Natasha
  2393 | D:3      | Reached skill level 4 in Fighting
  2490 | D:3      | Found an iron altar of Okawaru.
  2571 | D:4      | Noticed Edmund
  2596 | D:4      | Noticed Eustachio
  3256 | D:4      | Noticed an ogre
  3264 | D:4      | Killed an ogre
  3264 | D:4      | Gained mutation: You are mostly covered in sharp spines.
                  | [demonic ancestry]
  3264 | D:4      | Reached XP level 6. HP: 25/48 MP: 6/6
  3439 | D:4      | Killed Edmund
  3780 | D:4      | Killed Eustachio
  3780 | D:4      | Reached XP level 7. HP: 19/55 MP: 7/7
  4115 | D:4      | Noticed Duvessa
  4138 | D:4      | Killed Duvessa
  4138 | D:4      | Reached skill level 5 in Fighting
  4146 | D:4      | Noticed Dowan
  4147 | D:3      | Noticed Natasha
  4150 | D:3      | Killed Natasha
  4150 | D:3      | Reached skill level 5 in Polearms
  4469 | D:4      | Killed Dowan
  4556 | D:4      | Noticed Menkaure
  4568 | D:4      | Killed Menkaure
  4675 | D:4      | Reached skill level 1 in Unarmed Combat
  5049 | D:4      | Found a bloodstained altar of Trog.
  5054 | D:4      | Gained mutation: You have a pair of small antennae on your
                  | head. [demonic ancestry]
  5054 | D:4      | Reached XP level 8. HP: 63/63 MP: 8/8
  5169 | D:5      | Entered Level 5 of the Dungeon
  5434 | D:5      | HP: 2/64 [orc warrior/+0 glaive (13)]
  5766 | D:5      | Reached skill level 6 in Fighting
  6044 | D:5      | Found a glowing golden altar of the Shining One.
  6055 | D:5      | Found a sacrificial altar of Ru.
  6057 | D:5      | Found a snail-covered altar of Cheibriados.
  6057 | D:5      | Found a stormy altar of Qazlal.
  6421 | D:5      | Found a staircase to the Ecumenical Temple.
  6428 | Temple   | Entered the Ecumenical Temple
  6726 | D:5      | Reached skill level 7 in Fighting
  6728 | D:5      | Reached skill level 5 in Dodging
  7261 | D:6      | Gained mutation: You are partially covered in molten
                  | scales. (AC +2) [demonic ancestry]
  7261 | D:6      | Reached XP level 9. HP: 22/73 MP: 9/9
  7288 | D:6      | Found a hazy altar of Hepliaklqana.
  7688 | D:6      | Reached skill level 8 in Fighting
  8193 | D:6      | Found an ornate altar of the Wu Jian Council.
  8544 | D:7      | Noticed a two-headed ogre
  8553 | D:7      | Killed a two-headed ogre
  8553 | D:7      | Reached skill level 9 in Fighting
  8553 | D:7      | Reached skill level 5 in Armour
  8751 | D:7      | Noticed Pikel
  8760 | D:7      | Killed Pikel
  8760 | D:7      | Reached XP level 10. HP: 80/83 MP: 10/10
  8808 | D:7      | Found an ancient bone altar of Kikubaaqudgha.
  9002 | D:7      | You fall through a shaft!
  9136 | D:8      | Found a transporter.
  9137 | D:8      | Noticed swinepaste's ghost (novice DsMo)
  9150 | D:8      | Found a transporter.
  9175 | D:8      | Noticed Grum
  9194 | D:8      | Killed Grum
  9194 | D:8      | Reached skill level 10 in Fighting
  9930 | D:8      | Found a hide-covered altar of Uskayaw.
 10060 | D:8      | Found a staircase to the Lair.
 10308 | Lair:1   | Entered Level 1 of the Lair of Beasts
 10555 | Lair:1   | Noticed a spiny frog
 10562 | Lair:1   | Killed a spiny frog
 10596 | Lair:1   | Noticed a spiny frog
 10611 | Lair:1   | Killed a spiny frog
 10747 | Lair:1   | Gained mutation: You have a pair of antennae on your head.
                  | [demonic ancestry]
 10747 | Lair:1   | Reached XP level 11. HP: 36/92 MP: 11/11
 11182 | Lair:1   | Reached skill level 11 in Fighting
 11546 | Lair:1   | Noticed a four-headed hydra
 11559 | Lair:1   | Killed a four-headed hydra
 12093 | Lair:2   | Noticed a four-headed hydra
 12107 | Lair:2   | Killed a four-headed hydra
 12625 | Lair:2   | Reached skill level 12 in Fighting
 12651 | Lair:2   | Found a staircase to the Shoals.
 13023 | Lair:3   | Noticed Rupert
 13034 | Lair:3   | Paralysed by Rupert for 5 turns
 13043 | Lair:3   | Paralysed by Rupert for 3 turns
 13054 | Lair:3   | Demolished by Rupert

Vault maps used:
D:1:      giann_forest_graveyard, wander_ebering_terrifying_dragon_lair
D:2:      old_standard_altar, uniq_robin
D:3:      nicolae_overflow_crystal_walls, kennysheep_okawaru_gauntlet,
          first_ration, uniq_natasha
D:4:      trog_book, uniq_eustachio, uniq_menkaure, uniq_duvessa, uniq_edmund
D:5:      chequers_temple_overflow_statue_of_worship,
          minmay_temple_entry_butterflies, basic_altar, minmay_diced_spiral
D:6:      kennysheep_mini_moat, basic_altar, chequers_serial_rivers_small_a
D:7:      lemuel_coloured_pillars_altar, kiku_gazebo_pond_becter,
          cheibrodos_ashenzari_chains, grunt_livestock, uniq_pikel
D:8:      marbit_many_paths, lair_entry_dummy, gammafunk_ghost_arena,
          onia_ninara_dug_in_and_dangerous, uniq_grum
Temple:   minmay_temple_curvy_loop
Lair:1:   kennysheep_abandoned_house, lemuel_fruit_fields, serial_bayou_shore_b,
          grunt_megastairs_3
Lair:2:   elwin_shoals_entry_stream, lemuel_another_geyser, grunt_megastairs_2,
          infiniplex_staircase_pool_2
Lair:3:   gammafunk_mikee_crab_dinner, guppyfry_snake_entry_island,
          minmay_another_anthill, uniq_prince_ribbit2, uniq_rupert

Skill      XL: |  1  2  3  4  5  6  7  8  9 10 11 |
---------------+----------------------------------+-----
Dodging        | 3 4 5 6 7 8 |  8.3
Polearms       | 3 4 5 6 7 8 9 |  9.0
Armour         | 1 2 3 4 5 6 7 |  7.5
Fighting       | 4 5 7 9 10 12 | 12.1
Unarmed Combat | 1 |  1.0
Stealth        | |  1.7

Action                   |  1- 3 |  4- 6 |  7- 9 | 10-12 || total
-------------------------+-------+-------+-------+-------++-------
Melee: Spear             |   112 |   199 |   141 |    79 ||   531
       Unarmed           |       |    13 |       |       ||    13
       Glaive            |       |       |   122 |   288 ||   410
Evoke: Wand              |       |       |     8 |       ||     8
  Use: Scroll            |     3 |     5 |     9 |     4 ||    21
       Potion            |       |     7 |     2 |     7 ||    16
 Stab: Sleeping          |     2 |     1 |       |       ||     3
  Eat: Chunk             |     2 |     7 |    13 |    10 ||    32
       Ration            |       |       |     1 |     1 ||     2
Armor: Robe              |     9 |       |       |       ||     9
       Ring mail         |    10 |    42 |    31 |    80 ||   163
       Skin              |       |     3 |       |       ||     3
       Scale mail        |       |       |    22 |       ||    22
Dodge: Dodged            |    64 |   104 |   104 |   188 ||   460

Table legend:
 A = Non-vault XP
 B = Vault XP
 C = Vault XP percentage of total XP
 D = Non-vault monster count
 E = Vault monster count
 F = Vault count percentage of total count
                 A         B        C        D         E       F
            +---------+---------+-------+---------+---------+-------
      Total |   14051 |    5875 |  29.5 |     208 |      57 |  21.5
            +---------+---------+-------+---------+---------+-------
        D:1 |      31 |      28 |  47.5 |      15 |       7 |  31.8
        D:2 |      44 |      12 |  21.4 |      16 |       6 |  27.3
        D:3 |     239 |      39 |  14.0 |      30 |       3 |   9.1
        D:4 |     305 |     762 |  71.4 |      14 |       5 |  26.3
        D:5 |     726 |     137 |  15.9 |      17 |       1 |   5.6
        D:6 |    1493 |       0 |   0.0 |      35 |       0 |   0.0
        D:7 |    1443 |     641 |  30.8 |      17 |       1 |   5.6
        D:8 |    1650 |     657 |  28.5 |      33 |       6 |  15.4
     Lair:1 |    4281 |     680 |  13.7 |      15 |      19 |  55.9
     Lair:2 |    3015 |    2919 |  49.2 |      14 |       9 |  39.1
     Lair:3 |     824 |       0 |   0.0 |       2 |       0 |   0.0
            +---------+---------+-------+---------+---------+-------
